 Dungeon Crawl Stone Soup version 0.18.1-5-g4a78601 (webtiles) character file.

252 edwust the Digger (level 5, -1/67 HPs)
             Began as a Troll Earth Elementalist on May 11, 2016.
             Was a Believer of Yredelemnul.
             Killed by divine providence
             ... invoked by an orc priest
              (12 damage)
             ... on level 3 of the Dungeon.
             The game lasted 00:05:50 (2122 turns).

edwust the Digger (Troll Earth Elementalist)        Turns: 2122, Time: 00:05:52

Health: -1/67      AC: 22    Str: 16    XL:     5   Next: 89%
Magic:  5/5        EV:  1    Int: 12    God:    Yredelemnul [**....]
Gold:   169        SH:  0    Dex: 10    Spells: 1 memorised, 5 levels left

rFire  + . .     SeeInvis .       - Unarmed
rCold  . . .     Gourm    +     (armour currently unavailable)
rNeg   + + +     Faith    .     (no shield)
rPois  +         Spirit   .     (helmet currently unavailable)
rElec  .         Dismiss  .     (cloak currently unavailable)
rCorr  +         Reflect  .     (gloves unavailable)
SustAt .         Harm     .     (boots unavailable)
MR     .....     NoTele   +     (no amulet)
Stlth  ++........               s - ring of protection from fire
                                r - ring of resist corrosion

@: tree-form, not resistant to hostile enchantments, unstealthy
A: unfitting armour, (claws 0), fast metabolism 3, gourmand, regeneration 2,
(shaggy fur 0), (tough skin 0)
a: Animate Remains, Recall Undead Slaves, Injury Mirror, Renounce Religion


You were on level 3 of the Dungeon.
You worshipped Yredelemnul.
Yredelemnul was pleased with you.
You were not hungry.
You were a tree.
You visited 1 branch of the dungeon, and saw 4 of its levels.

You collected 169 gold pieces.

Inventory:

Missiles
 b - 195 stones (quivered)
Armour
 a - a +0 robe (melded)
Jewellery
 q - an uncursed ring of positive energy {unknown}
 r - a ring of resist corrosion (left branch)
 s - a ring of protection from fire (right branch)
 t - a +6 ring of dexterity {unknown}
Wands
 w - a wand of lightning (8/15)
Scrolls
 e - 3 scrolls of identify {unknown}
 h - a scroll of recharging {unknown}
 i - a scroll of immolation {unknown}
 j - a scroll of noise {unknown}
 m - 2 scrolls of remove curse {unknown}
 v - 2 scrolls of teleportation {unknown}
Potions
 f - a potion of curing {unknown}
 g - a potion of haste {unknown}
 k - a potion of lignification
 l - 3 potions of degeneration {unknown}
 n - a potion of ambrosia {unknown}
 o - a potion of might {unknown}
 p - 2 potions of mutation {unknown}
Books
 c - a book of Geomancy

   Spells                             Type                      Level
   a - Sandblast                      Earth                        1
   b - Passwall                       Transmutation/Earth          2
   c - Stone Arrow                    Conjuration/Earth            3
   d - Petrify                        Transmutation/Earth          4
   e - Lee's Rapid Deconstruction     Earth                        5
Comestibles
 d - 4 bread rations
 u - a meat ration


   Skills:
 - Level 1.5 Dodging
 - Level 1.1 Stealth
 + Level 3.8 Unarmed Combat
 - Level 1.2 Spellcasting
   Level 0.6 Transmutations
 + Level 4.8 Earth Magic


You had 5 spell levels left.
You knew the following spells:

 Your Spells              Type           Power        Failure   Level  Hunger
a - Sandblast             Erth           ##....       4%          1    ##.....


Dungeon Overview and Level Annotations

Branches:
Dungeon (4/15)
 Temple: D:4-7

Altars:
Kikubaaqudgha
Okawaru
Ru
Yredelemnul


Innate Abilities, Weirdness & Mutations

You are too large for most types of armour.
((You have claws for hands.))
Your metabolism is lightning-fast.
You like to eat raw meat.
You heal very quickly.
((You are covered in fur (AC +1).))
((You have very tough skin (AC +2).))


Message History

Aim: an orc priest, wielding a dagger and wearing a leather armour Attack!
You feel sick.
You are no longer poisoned.
The orc priest casts a cantrip, but nothing happens.
Your hobgoblin zombie hits the orc.
Unknown command.
The orc hits you but does no damage.
The orc priest miscasts a cantrip.
The orc hits you but does no damage.
The orc priest miscasts a cantrip.
Your adder zombie bites the orc.
The orc hits your hobgoblin zombie but does no damage.
Your dart slug zombie bites the orc.
Your orc zombie barely misses the orc.
The orc hits you but does no damage.
Your adder zombie closely misses the orc.
Your hobgoblin zombie barely misses the orc.
The orc priest calls down the wrath of Beogh upon you.
Beogh smites you!
You die...
Your body rises from the dead as a mindless zombie.

≈≈≈###............# #...# ######
≈≈## ###..........# #...# #.....
### #..........# #...###.....
#..........# #..Z...Z....
#..........####...ZZZ.####
#..Z..)....#...ZZ.###.#
#...Z......#.####.# #.#
#............# #.# #(##
#.....ZZ>♣.######.###.Z###
###...ZZZ.## #........Z..
#....oZZ# #...####...# #..ooo..#
##...#####.# ####.......#
##...####Z. #..).......#
##...##Z.# #######...÷......#
#...ZZ.## ..............o..#
#.Z.#####
.[...........[...########.ZZ.####


You could see an orc priest, 4 orcs, a friendly adder zombie, a friendly rat
zombie, 2 friendly goblin zombies, a friendly hobgoblin zombie, a friendly orc
zombie, the friendly Ijyb the goblin zombie, a friendly dart slug zombie and a
friendly orc skeleton.

Vanquished Creatures
  A giant frog (D:3)
  Ijyb (D:3)
  An orc wizard (D:3)
  5 adders
  A gnoll (D:2)
  3 dart slugs
  3 giant geckos
  5 orcs (D:3)
  5 giant cockroaches
  12 goblins
  8 hobgoblins
  9 jackals
  10 kobolds
  6 bats
  2 giant newts
  9 rats
81 creatures vanquished.

Vanquished Creatures (collateral kills)
  A bat (D:3)
1 creature vanquished.

Vanquished Creatures (others)
  A bat zombie (D:3)
1 creature vanquished.

Grand Total: 83 creatures vanquished

Notes
Turn   | Place    | Note
--------------------------------------------------------------
     0 | D:1      | edwust the Troll Earth Elementalist began the quest for the Orb.
     0 | D:1      | Reached XP level 1. HP: 16/16 MP: 1/1
   107 | D:1      | Reached skill level 3 in Earth Magic
   127 | D:1      | Reached skill level 1 in Unarmed Combat
   127 | D:1      | Reached XP level 2. HP: 24/24 MP: 2/2
   641 | D:2      | Reached XP level 3. HP: 31/31 MP: 3/3
   750 | D:2      | Found an ancient bone altar of Kikubaaqudgha.
   932 | D:2      | Found a faded altar to an unknown god.
   947 | D:2      | Reached XP level 4. HP: 32/39 MP: 4/4
   973 | D:2      | Became a worshipper of Yredelemnul the Dark
   973 | D:2      | Reached * piety under Yredelemnul
  1010 | D:2      | Found an iron altar of Okawaru.
  1384 | D:3      | Reached skill level 4 in Earth Magic
  1597 | D:3      | Reached ** piety under Yredelemnul
  1619 | D:3      | Reached XP level 5. HP: 45/45 MP: 5/5
  1664 | D:3      | Noticed Ijyb
  1673 | D:3      | Killed Ijyb
  2086 | D:4      | Found a sacrificial altar of Ru.
  2099 | D:3      | HP: 2/45 [giant frog (2)]
  2122 | D:3      | Killed from afar by an orc priest

Skill      XL: |  1  2  3  4 |
---------------+-------------+-----
Earth Magic    | 3 4 |  4.8
Unarmed Combat | 1 2 3 |  3.8
Dodging        | |  1.5
Stealth        | |  1.1
Spellcasting   | |  1.2
Transmutations | |  0.6

Action                   |  1- 3 |  4- 6 || total
-------------------------+-------+-------++-------
Melee: Unarmed           |   110 |   130 ||   240
       Punch             |       |     3 ||     3
Invok: Animate Remains   |       |    11 ||    11
  Use: Potion            |       |     1 ||     1
 Stab: Sleeping          |     1 |     1 ||     2
  Eat: Chunk             |    14 |     7 ||    21
Armor: Robe              |    54 |    60 ||   114
       Skin              |       |     5 ||     5
Dodge: Dodged            |    70 |    59 ||   129
